 Dungeon Crawl Stone Soup version 0.32-a0-329-ge6c31236d6 (webtiles) character file.

Game seed: 3098774098778657937

367 Curundu the Ruffian (level 6, 0/61 HPs)
             Began as a Troll Berserker on Feb 16, 2024.
             Was a Believer of Trog.
             Slain by a gnoll
             ... wielding a +0 club
              (8 damage)
             ... on level 5 of the Dungeon.
             The game lasted 00:06:20 (1890 turns).

Curundu the Ruffian (Troll Berserker)               Turns: 1890, Time: 00:06:21

Health: 0/61       AC:  4    Str: 28    XL:     6   Next: 41%
Magic:  5/5        EV: 10    Int:  3    God:    Trog [**....]
Gold:   182        SH:  0    Dex:  9    Spells: 5/5 levels left

rFire   . .          .
                       - Unarmed
rCold   . . .        (no shield)
rNeg    . . .        a - +0 animal skin
rPois   .            (helmet restricted)
rElec   .            (no cloak)
rCorr   +            (gloves unavailable)
SInv    .            (boots unavailable)
Will    .....        (no amulet)
Stlth   +            d - ring of resist corrosion
HPRegen 1.10/turn    (no ring)
MPRegen 0.09/turn

%: no passive effects
@: lethally poisoned (0 -> -10)
A: large, unfitting armour, claws 3, regeneration 1, shaggy fur 1, tough skin 1
a: Renounce Religion, Berserk, Trog's Hand


You were on level 5 of the Dungeon.
You worshipped Trog.
Trog was pleased with you.
You visited 1 branch of the dungeon, and saw 4 of its levels.

You collected 182 gold pieces.

Inventory:

Armour
 a - a +0 animal skin (worn)
Jewellery
 d - a ring of resist corrosion (left claw)
 f - an amulet of magic regeneration
 i - a +6 ring of intelligence
Wands
 k - a wand of digging (10)
 o - a wand of flame (29)
Scrolls
 b - a scroll of fear {unknown}
 e - 3 scrolls of enchant weapon {unknown}
 g - 2 scrolls of identify {unknown}
 h - a scroll of revelation {unknown}
 j - 2 scrolls of blinking {unknown}
 m - a scroll of brand weapon {unknown}
Potions
 c - 2 potions of curing {unknown}
 l - a potion of invisibility {unknown}
 n - 4 potions of heal wounds {unknown}
 p - a potion of brilliance {unknown}


   Skills:
 + Level 3.2 Fighting
 + Level 3.6 Dodging
 + Level 0.8 Stealth
 + Level 5.6 Unarmed Combat


You had 5 spell levels left.
You didn't know any spells.
Your spell library was empty.

Dungeon Overview and Level Annotations

Branches:
Dungeon (3/15)

Altars:
Ashenzari

Shops:
D:1 =


Innate Abilities, Weirdness & Mutations

You are too large for most types of armour.
You have claws for hands.
Your natural rate of healing is unusually fast.
You are covered in fur. (AC +1)
You have tough skin. (AC +1)


Message History

A gnoll comes into view. It is wielding a +0 club.
You claw the iguana!
The iguana is almost dead.
The iguana barely misses you.
A gnoll comes into view. It is wielding a +0 halberd.
You scratch the iguana.
You kill the iguana!
Trog accepts your kill.
A gnoll comes into view. It is wielding a +0 whip.
The scorpion stings you.
You see here an iguana corpse.
An orc comes into view. It is wielding a +0 club.
The scorpion stings you. The gnoll hits you with a +0 whip!
The orc moves out of view.
You barely miss the gnoll. The scorpion stings you.
You are poisoned.
The scorpion poisons you! The gnoll hits you with a +0 whip.
You barely miss the gnoll.
You feel very sick. The scorpion barely misses you.
The gnoll barely misses you. The gnoll hits you with a +0 club.
The scorpion stings you.
You are more poisoned.
The scorpion poisons you!
The gnoll hits you from afar with a +0 halberd!
You barely miss the gnoll.
You feel very sick. The gnoll hits you with a +0 whip.
* * * LOW HITPOINT WARNING * * *
The scorpion stings you but does no damage.
The gnoll closely misses you.
You closely miss the gnoll.
The sentinel's mark upon you fades away.
You feel very sick. The gnoll barely misses you. The scorpion stings you.
* * * LOW HITPOINT WARNING * * *
You are more poisoned.
The scorpion poisons you! The gnoll hits you with a +0 whip.
* * * LOW HITPOINT WARNING * * *
The gnoll hits you with a +0 club!
You die...

...###....## .#
...###...>.# ..#
.............# ..#
#.........:..## .o
#.............# #g
#....####....##
##g##....####+###.#
#.gg......#.......#
#..@s.....#[..>..##
#.!††)....#.......#
#.........#.......#
#...<...†.#.......#
##..##>..#..#....##
...################
#.. #.. #..


You could see a scorpion, 4 gnolls and an orc.

Vanquished Creatures
  2 kobold brigands (D:3)
  A hound (D:5)
  A jelly (D:5)
  An iguana (D:5)
  5 adders
  A ribbon worm (D:3)
  A dart slug (D:1)
  2 orcs
  A bat (D:3)
  5 endoplasms (D:1)
  3 giant cockroaches
  7 hobgoblins
  4 ball pythons
  A frilled lizard (D:2)
  4 goblins
  13 kobolds
  4 rats
56 creatures vanquished.

Notes
Turn   | Place    | Note
-------+----------+-------------------------------------------
     0 | D:1      | Curundu the Troll Berserker began the quest for the Orb.
     0 | D:1      | Reached XP level 1. HP: 22/22 MP: 0/0
   159 | D:1      | Reached XP level 2. HP: 29/29 MP: 1/1
   301 | D:1      | Found Xoikoss's Jewellery Shop.
   573 | D:1      | Reached XP level 3. HP: 34/36 MP: 2/2
  1419 | D:3      | Reached XP level 4. HP: 44/44 MP: 3/3
  1482 | D:3      | Found a broken altar of Ashenzari.
  1553 | D:3      | Reached skill level 4 in Unarmed Combat
  1557 | D:3      | Reached ** piety under Trog
  1641 | D:3      | Noticed a kobold brigand
  1643 | D:3      | Noticed a kobold brigand
  1651 | D:3      | Killed a kobold brigand
  1652 | D:3      | Reached XP level 5. HP: 32/53 MP: 4/4
  1653 | D:3      | Reached skill level 5 in Unarmed Combat
  1726 | D:3      | Found a faded altar of an unknown god.
  1767 | D:3      | Reached XP level 6. HP: 61/61 MP: 5/5
  1816 | D:3      | You fall into a shaft and drop 2 floors!
  1816 | D:5      | Entered Level 5 of the Dungeon
  1890 | D:5      | Slain by a gnoll

Illustrated notes

Levels and vault maps discovered:
D:1:      minmay_arrival_glassed_features, layout_loops_ring, serial_shops,
          nicolae_shop_getting_attention, minmay_statues_item,
          serial_bayou_lake_a
D:2:      layout_basic, minmay_domino_2
D:3:      cheibrodos_thug_alley, layout_basic, mainiacjoe_overflow_catwalk,
          ebering_ecumenical_altar_petrified, dreamdust_princess_corridor
D:5:      layout_gridville, nicolae_elyvilon_peaceful_grove,
          gammafunk_temple_overflow_wave

Skill      XL: |  1  2  3  4  5 |
---------------+----------------+-----
Dodging        | 3 |  3.6
Unarmed Combat | 4 5 |  5.6
Fighting       | 3 |  3.2
Stealth        | |  0.8

Action                     |  1- 3 |  4- 6 || total
---------------------------+-------+-------++-------
  Melee: Unarmed           |    59 |    85 ||   144
         Punch             |       |     1 ||     1
   Stab: Sleeping          |     1 |       ||     1
 Armour: Animal skin       |    27 |    72 ||    99
  Dodge: Dodged            |    22 |    36 ||    58

Table legend: (Time is in decaauts)
 A = Elapsed time spent in this place.
 B = Non-inter-level travel time spent in this place.
 C = Inter-level travel time spent in this place.
 D = Time resting spent in this place.
 E = Time spent auto-exploring this place.
 F = Levels seen in this place.
 G = Mean time per level.
                   A        B        C        D        E       F      G
               +--------+--------+--------+--------+--------+-----+--------+
         Total |   1878 |   1878 |      0 |      0 |   1305 |   4 |  469.5 |
       Dungeon |   1878 |   1878 |      0 |      0 |   1305 |   4 |  469.5 |
               +--------+--------+--------+--------+--------+-----+--------+

Top non-repeatable levels by time:
     D:1: 850 daAuts
     D:3: 489 daAuts
     D:2: 466 daAuts
     D:5: 72 daAuts
